[ AOE2 MATCH · #481430366 ]
1v1 RMRomans vs Franks
Player's team · LOSS
Rival team · WIN
[ REPLAY ANALYSIS · EXTRACTED FROM THE RECORDED GAME ]
Feudal
9:07
Castle
20:16
Imperial
—
| APM avg | 31.9 |
| APM peak | 63 |
| eAPM avg | 15.5 |
| Villagers / military | 63 / 36 |
Focus
⚔️ 27.0% · 🌾 73.0%
Spearman ×16 · Militia ×8 · Monk ×6 · Scorpion ×4 · Skirmisher ×2
Feudal
11:18
Castle
18:59
Imperial
32:52
| APM avg | 34.8 |
| APM peak | 62 |
| eAPM avg | 15.8 |
| Villagers / military | 103 / 35 |
Focus
⚔️ 20.8% · 🌾 79.2%
Throwing Axeman ×21 · Knight ×8 · Archer ×3 · Trebuchet (Packed) ×2 · Scout Cavalry ×1
Match map
Initial resources + every placement click. Lines = walls · curves = elevation contours. ◆ gold · ⬟ stone · ● berries · ✦ relic · ◌ wall gap
Your base· Open — opponent sealed themselves in
KeyMan_t's base· ✓ Closed at 18:59 · 21t walls · no gate
Smoothed initial terrain · ◌ = detected wall gap · hover for details
Inputs per minute
— TarryMoney - - KeyMan_t
Build order — TarryMoney
First 150 of 190 actions detected
| 0:01 | Create | Villager (Male) |
| 0:01 | Create | Villager (Male) |
| 0:01 | Create | Villager (Male) |
| 0:02 | Create | Villager (Male) |
| 0:02 | Build | House |
| 0:04 | Build | House |
| 1:24 | Create | Villager (Male) |
| 1:58 | Create | Villager (Male) |
| 2:22 | Create | Villager (Male) |
| 2:44 | Create | Villager (Male) |
| 3:00 | Build | House |
| 3:14 | Create | Villager (Male) |
| 3:25 | Build | Lumber Camp |
| 3:27 | Create | Villager (Male) |
| 3:55 | Create | Villager (Male) |
| 4:08 | Create | Villager (Male) |
| 4:50 | Create | Villager (Male) |
| 5:06 | Create | Villager (Male) |
| 5:37 | Create | Villager (Male) |
| 5:55 | Build | Barracks |
| 6:04 | Research | Loom |
| 6:52 | Build | House |
| 6:54 | Create | Militia |
| 6:54 | Create | Militia |
| 6:57 | Research | Feudal Age |
| 7:33 | Build | Mill |
| 7:37 | Create | Militia |
| 8:39 | Build | Mining Camp |
| 9:07 | Age | Feudal Age |
| 9:09 | Research | Man-at-Arms (upgrade) |
| 9:14 | Build | Blacksmith |
| 9:23 | Build | House |
| 9:42 | Create | Villager (Male) |
| 9:58 | Research | Scale Mail Armor |
| 10:09 | Create | Villager (Male) |
| 10:11 | Create | Militia |
| 10:17 | Create | Militia |
| 10:24 | Build | Palisade Wall |
| 10:25 | Build | Palisade Wall |
| 10:26 | Build | Palisade Wall |
| 10:29 | Build | Palisade Wall |
| 10:31 | Build | Palisade Wall |
| 10:32 | Build | Palisade Wall |
| 10:32 | Build | Palisade Wall |
| 10:34 | Create | Villager (Male) |
| 11:07 | Create | Militia |
| 11:10 | Create | Villager (Male) |
| 11:23 | Research | Double-Bit Axe |
| 11:53 | Create | Villager (Male) |
| 12:02 | Build | House |
| 12:14 | Create | Villager (Male) |
| 12:29 | Build | Farm |
| 12:29 | Build | Farm |
| 12:29 | Build | Farm |
| 12:29 | Build | Farm |
| 12:30 | Build | Farm |
| 12:30 | Build | Farm |
| 12:30 | Build | Farm |
| 12:44 | Create | Villager (Male) |
| 12:47 | Build | Farm |
| 12:49 | Create | Villager (Male) |
| 13:12 | Create | Villager (Male) |
| 13:36 | Create | Villager (Male) |
| 13:41 | Build | House |
| 13:44 | Build | Archery Range |
| 14:10 | Build | Farm |
| 14:16 | Create | Villager (Male) |
| 14:48 | Build | Farm |
| 14:49 | Build | Farm |
| 14:55 | Create | Villager (Male) |
| 15:13 | Create | Skirmisher |
| 15:14 | Build | Farm |
| 15:32 | Build | Farm |
| 15:38 | Build | Farm |
| 15:46 | Create | Villager (Male) |
| 15:52 | Create | Skirmisher |
| 15:57 | Build | House |
| 16:03 | Create | Villager (Male) |
| 16:27 | Build | Farm |
| 16:28 | Build | Farm |
| 17:04 | Create | Villager (Male) |
| 17:05 | Create | Villager (Male) |
| 17:36 | Research | Castle Age |
| 17:39 | Build | Farm |
| 17:40 | Build | Farm |
| 17:51 | Create | Villager (Male) |
| 18:21 | Create | Villager (Male) |
| 18:26 | Create | Militia |
| 18:27 | Create | Militia |
| 18:29 | Build | House |
| 18:30 | Build | House |
| 19:34 | Build | House |
| 19:36 | Build | Palisade Wall |
| 19:37 | Build | Palisade Wall |
| 19:39 | Build | Palisade Wall |
| 19:42 | Build | Palisade Wall |
| 20:11 | Create | Spearman |
| 20:12 | Create | Spearman |
| 20:16 | Age | Castle Age |
| 20:22 | Research | Long Swordsman (upgrade) |
| 20:27 | Build | Barracks |
| 20:30 | Build | Monastery |
| 20:49 | Research | Pikeman (upgrade) |
| 21:10 | Create | Villager (Male) |
| 21:21 | Create | Monk |
| 21:21 | Create | Monk |
| 21:29 | Build | Siege Workshop |
| 21:33 | Build | University |
| 21:36 | Create | Villager (Male) |
| 21:37 | Research | Squires |
| 21:46 | Create | Villager (Male) |
| 21:49 | Build | Mining Camp |
| 21:57 | Create | Spearman |
| 21:57 | Create | Spearman |
| 22:05 | Create | Scorpion |
| 22:11 | Create | Spearman |
| 22:13 | Create | Spearman |
| 22:23 | Create | Villager (Male) |
| 22:31 | Create | Scorpion |
| 22:35 | Create | Spearman |
| 22:35 | Create | Spearman |
| 22:45 | Build | Farm |
| 22:58 | Create | Villager (Male) |
| 23:05 | Create | Spearman |
| 23:05 | Create | Spearman |
| 23:12 | Create | Monk |
| 23:25 | Create | Villager (Male) |
| 23:26 | Create | Villager (Male) |
| 23:31 | Research | Gold Mining |
| 24:02 | Create | Villager (Male) |
| 24:04 | Create | Monk |
| 24:20 | Create | Villager (Male) |
| 24:29 | Create | Villager (Male) |
| 24:52 | Build | House |
| 25:16 | Build | Market |
| 25:33 | Create | Villager (Male) |
| 25:39 | Build | House |
| 25:46 | Create | Monk |
| 25:50 | Build | House |
| 26:12 | Create | Spearman |
| 26:14 | Create | Scorpion |
| 26:16 | Build | House |
| 26:23 | Create | Villager (Male) |
| 26:27 | Create | Monk |
| 26:32 | Create | Spearman |
| 26:33 | Create | Spearman |
| 26:33 | Create | Spearman |
| 26:43 | Build | Castle |
| 26:46 | Create | Villager (Male) |
| 27:05 | Build | House |
Build order — KeyMan_t
First 150 of 259 actions detected
| 0:00 | Create | Villager (Male) |
| 0:01 | Create | Villager (Male) |
| 0:03 | Build | House |
| 0:04 | Build | House |
| 0:18 | Create | Villager (Male) |
| 0:18 | Create | Villager (Male) |
| 0:18 | Create | Villager (Male) |
| 1:33 | Create | Villager (Male) |
| 1:49 | Create | Villager (Male) |
| 1:49 | Create | Villager (Male) |
| 2:13 | Build | Lumber Camp |
| 2:26 | Create | Villager (Male) |
| 2:57 | Create | Villager (Male) |
| 3:03 | Create | Villager (Male) |
| 3:53 | Build | House |
| 3:55 | Build | House |
| 4:05 | Create | Villager (Male) |
| 4:27 | Create | Villager (Male) |
| 4:32 | Create | Villager (Male) |
| 4:41 | Build | Mill |
| 4:56 | Create | Villager (Male) |
| 5:48 | Create | Villager (Male) |
| 5:48 | Create | Villager (Male) |
| 5:50 | Create | Villager (Male) |
| 5:50 | Create | Villager (Male) |
| 5:55 | Create | Villager (Male) |
| 6:00 | Create | Villager (Male) |
| 6:00 | Create | Villager (Male) |
| 6:30 | Create | Villager (Male) |
| 6:30 | Create | Villager (Male) |
| 7:20 | Build | Barracks |
| 7:26 | Build | Palisade Wall |
| 7:27 | Build | Palisade Wall |
| 7:28 | Create | Villager (Male) |
| 7:29 | Create | Villager (Male) |
| 7:50 | Build | House |
| 7:51 | Create | Villager (Male) |
| 7:59 | Build | Lumber Camp |
| 8:24 | Create | Villager (Male) |
| 8:32 | Build | House |
| 8:39 | Research | Loom |
| 8:40 | Research | Feudal Age |
| 8:43 | Build | Farm |
| 8:57 | Build | Palisade Wall |
| 9:04 | Build | Palisade Wall |
| 9:09 | Build | Palisade Wall |
| 9:13 | Build | Palisade Wall |
| 9:16 | Build | Palisade Wall |
| 9:40 | Build | House |
| 9:52 | Build | House |
| 10:13 | Build | House |
| 10:40 | Build | House |
| 10:45 | Build | House |
| 11:18 | Age | Feudal Age |
| 11:28 | Create | Villager (Male) |
| 11:28 | Create | Villager (Male) |
| 11:42 | Build | Market |
| 11:44 | Build | House |
| 11:51 | Create | Villager (Male) |
| 12:02 | Create | Villager (Male) |
| 12:44 | Build | Archery Range |
| 12:57 | Create | Villager (Male) |
| 13:05 | Build | House |
| 13:12 | Build | House |
| 13:19 | Build | House |
| 13:26 | Build | Farm |
| 13:27 | Build | Farm |
| 13:36 | Create | Archer |
| 13:48 | Build | House |
| 13:56 | Create | Villager (Male) |
| 13:57 | Create | Villager (Male) |
| 13:59 | Build | Farm |
| 14:00 | Build | Farm |
| 14:03 | Build | Farm |
| 14:11 | Create | Archer |
| 14:24 | Create | Villager (Male) |
| 14:29 | Build | Mining Camp |
| 14:38 | Build | Farm |
| 14:49 | Build | Palisade Wall |
| 15:00 | Build | House |
| 15:15 | Create | Villager (Male) |
| 15:23 | Build | Farm |
| 15:48 | Build | Farm |
| 15:49 | Build | Farm |
| 16:19 | Research | Castle Age |
| 16:20 | Create | Villager (Male) |
| 16:27 | Create | Archer |
| 17:06 | Create | Villager (Male) |
| 17:12 | Create | Villager (Male) |
| 17:14 | Build | Farm |
| 17:17 | Build | Farm |
| 17:18 | Build | Farm |
| 17:20 | Build | Farm |
| 17:25 | Build | Stable |
| 17:47 | Build | House |
| 17:51 | Build | Palisade Wall |
| 18:04 | Create | Villager (Male) |
| 18:11 | Build | Palisade Wall |
| 18:23 | Build | House |
| 18:38 | Build | House |
| 18:45 | Create | Villager (Male) |
| 18:59 | Age | Castle Age |
| 19:07 | Create | Knight |
| 19:07 | Create | Knight |
| 19:08 | Create | Knight |
| 19:22 | Create | Villager (Male) |
| 19:30 | Build | Town Center |
| 19:40 | Build | Farm |
| 19:48 | Create | Knight |
| 19:49 | Create | Villager (Male) |
| 19:58 | Research | Double-Bit Axe |
| 20:00 | Create | Villager (Male) |
| 21:27 | Create | Villager (Male) |
| 21:27 | Create | Villager (Male) |
| 21:39 | Create | Villager (Male) |
| 21:43 | Create | Knight |
| 21:43 | Create | Knight |
| 21:45 | Research | Bow Saw |
| 21:57 | Build | Farm |
| 22:03 | Build | Farm |
| 22:05 | Build | Farm |
| 22:07 | Create | Villager (Male) |
| 22:08 | Research | Gold Mining |
| 22:14 | Build | Palisade Gate |
| 22:28 | Create | Villager (Male) |
| 22:30 | Build | Farm |
| 22:41 | Build | Blacksmith |
| 22:54 | Create | Villager (Male) |
| 22:56 | Create | Villager (Male) |
| 22:59 | Build | Mining Camp |
| 23:09 | Build | Farm |
| 23:22 | Create | Villager (Male) |
| 23:24 | Create | Villager (Male) |
| 23:24 | Create | Villager (Male) |
| 23:26 | Build | Farm |
| 23:29 | Create | Knight |
| 23:29 | Create | Knight |
| 23:31 | Research | Scale Barding Armor |
| 23:35 | Build | Farm |
| 23:43 | Create | Villager (Male) |
| 24:01 | Create | Villager (Male) |
| 24:01 | Create | Villager (Male) |
| 24:34 | Create | Villager (Male) |
| 24:34 | Create | Villager (Male) |
| 24:40 | Create | Villager (Male) |
| 24:54 | Create | Villager (Male) |
| 24:54 | Create | Villager (Male) |
| 25:03 | Build | House |
| 25:15 | Create | Villager (Male) |
| 25:20 | Research | Stone Mining |
Match timeline
| 5:55 | TarryMoney · first_building Barracks |
| 7:20 | KeyMan_t · first_building Barracks |
| 7:26 | KeyMan_t · wall_segment Palisade Wall x3 |
| 7:27 | KeyMan_t · wall_segment Palisade Wall x2 |
| 8:57 | KeyMan_t · wall_segment Palisade Wall x1 |
| 9:04 | KeyMan_t · wall_segment Palisade Wall x3 |
| 9:07 | TarryMoney · age_up feudal |
| 9:09 | KeyMan_t · wall_segment Palisade Wall x3 |
| 9:13 | KeyMan_t · wall_segment Palisade Wall x5 |
| 9:16 | KeyMan_t · wall_segment Palisade Wall x1 |
| 10:24 | TarryMoney · wall_segment Palisade Wall x1 |
| 10:25 | TarryMoney · wall_segment Palisade Wall x1 |
| 10:26 | TarryMoney · wall_segment Palisade Wall x1 |
| 10:29 | TarryMoney · wall_segment Palisade Wall x1 |
| 10:31 | TarryMoney · wall_segment Palisade Wall x1 |
| 10:32 | TarryMoney · wall_segment Palisade Wall x1 |
| 10:32 | TarryMoney · wall_segment Palisade Wall x1 |
| 11:18 | KeyMan_t · age_up feudal |
| 12:23 | KeyMan_t · first_market_sell 100 food |
| 12:44 | KeyMan_t · first_building Archery Range |
| 13:44 | TarryMoney · first_building Archery Range |
| 14:49 | KeyMan_t · wall_segment Palisade Wall x1 |
| 17:25 | KeyMan_t · first_building Stable |
| 17:51 | KeyMan_t · wall_segment Palisade Wall x1 |
| 18:11 | KeyMan_t · wall_segment Palisade Wall x1 |
| 18:59 | KeyMan_t · age_up castle |
| 19:36 | TarryMoney · wall_segment Palisade Wall x4 |
| 19:37 | TarryMoney · wall_segment Palisade Wall x2 |
| 19:39 | TarryMoney · wall_segment Palisade Wall x1 |
| 19:42 | TarryMoney · wall_segment Palisade Wall x4 |
| 20:16 | TarryMoney · age_up castle |
| 20:30 | TarryMoney · first_building Monastery |
| 21:29 | TarryMoney · first_building Siege Workshop |
| 24:46 | KeyMan_t · first_market_buy 100 stone |
| 26:04 | KeyMan_t · first_building Castle |
| 26:38 | TarryMoney · first_market_sell 100 food |
| 26:39 | TarryMoney · first_market_buy 100 stone |
| 26:43 | TarryMoney · first_building Castle |
| 28:50 | KeyMan_t · first_building Monastery |
| 32:52 | KeyMan_t · age_up imperial |
| 34:00 | KeyMan_t · first_building Siege Workshop |
| 34:17 | TarryMoney · resign |
[ AI ANALYSIS · 1 CREDIT ]
What really happened in this match?
Wolo.gg analyzes every decision: build order, eco, micro, common mistakes by bracket. Personalized analysis on WhatsApp or Discord in 30 seconds.
Civ guide
Romans
Map guide
Gold Rush
Perfil
TarryMoney